2958 views
Uploaded 2020-02-09 16:22:37
Game version 1.32 / 1.32.1
23:10 long 2on2 ladder game on (6)GnollWood
Saved by Grim
2958 views
Uploaded 2020-02-09 16:22:37
Game version 1.32 / 1.32.1
23:10 long 2on2 ladder game on (6)GnollWood

66 units @ 12.3k
/ 1.8k
29 buildings @ 4.6k
/ 1.8k


| Healing Salve | 2 | 200 |
| Dust of Appearance | 1 | 75 |
| Scroll of Town Portal | 1 | 350 |
| total: | 4 | 625g |
| Peon | 7 | 525 | / | 0 |
| Grunt | 13 | 2600 | / | 0 |
| Tauren | 8 | 2240 | / | 640 |
| Shaman | 6 | 780 | / | 120 |
| Spirit Walker | 3 | 585 | / | 105 |
| Forest Troll Shadow Priest | 1 | 195 | / | 10 |
| total: | 38 | 6925g | / | 875w |
| Altar of Storms | 1 | 180 | / | 50 |
| Orc Burrow | 7 | 1120 | / | 280 |
| Barracks | 1 | 180 | / | 50 |
| Voodoo Lounge | 1 | 130 | / | 30 |
| War Mill | 1 | 205 | / | 0 |
| Spirit Lodge | 1 | 150 | / | 150 |
| Tauren Totem | 3 | 405 | / | 465 |
| Stronghold | 1 | 315 | / | 190 |
| Fortress | 1 | 325 | / | 190 |
| total: | 15 | 2370g | / | 1025w |
| 0:04 | Peon |
| 0:04 | Peon |
| 0:07 | Altar of Storms |
| 0:18 | Orc Burrow |
| 0:32 | Barracks |
| 0:36 | Peon |
| 0:52 | Peon |
| 1:03 | Peon |
| 1:24 | Orc Burrow |
| 1:35 | Grunt |
| 1:44 | Peon |
| 1:50 | Peon |
| 2:13 | Wind Walk |
| 2:14 | Grunt |
| 2:34 | Orc Burrow |
| 2:41 | Voodoo Lounge |
| 3:08 | Grunt |
| 3:50 | Grunt |
| 3:56 | War Mill |
| 4:26 | Healing Salve |
| 4:38 | Stronghold |
| 5:07 | Critical Strike |
| 5:18 | Grunt |
| 5:20 | Steel Melee Weapons |
| 5:24 | Orc Burrow |
| 5:50 | Forest Troll Shadow Priest |
| 6:01 | Grunt |
| 6:35 | Steel Armor |
| 6:56 | Grunt |
| 7:01 | Orc Burrow |
| 7:08 | Dust of Appearance |
| 8:50 | Grunt |
| 8:52 | Thorium Melee Weapons |
| 8:58 | Spirit Lodge |
| 9:01 | Orc Burrow |
| 9:22 | Healing Wave |
| 9:26 | Healing Salve |
| 9:40 | Grunt |
| 9:43 | Grunt |
| 10:17 | Shaman Adept Training |
| 10:22 | Berserker Strength |
| 10:34 | Fortress |
| 10:38 | Tauren Totem |
| 11:20 | Grunt |
| 11:46 | Tauren Totem |
| 12:11 | Tauren Totem |
| 12:19 | Grunt |
| 12:42 | Wind Walk |
| 13:01 | Tauren |
| 13:05 | Orc Burrow |
| 13:07 | Thorium Armor |
| 14:06 | Tauren |
| 14:24 | Shaman Master Training |
| 14:48 | Grunt |
| 14:55 | Tauren |
| 15:06 | Pulverize |
| 15:27 | Shaman |
| 15:33 | Spirit Walker Adept Training |
| 16:03 | Tauren |
| 16:40 | Shaman |
| 16:51 | Spirit Walker Master Training |
| 16:53 | Shaman |
| 17:21 | Spirit Walker |
| 18:07 | Scroll of Town Portal |
| 18:35 | Spirit Walker |
| 19:26 | Tauren |
| 20:23 | Hex |
| 21:07 | Tauren |
| 21:28 | Healing Wave |
| 21:51 | Tauren |
| 21:52 | Shaman |
| 21:52 | Shaman |
| 22:36 | Shaman |
| 22:44 | Tauren |
| 22:51 | Spirit Walker |
| Right click | 973 |
| Select | 341 |
| Select group | 157 |
| Build/train/purchase | 105 |
| Assign group | 31 |
| Use ability | 21 |
| Remove unit | 3 |
| Minimap ping | 2 |



| Rod of Necromancy | 3 | 450 |
| Orb of Corruption | 1 | 375 |
| Potion of Healing | 1 | 150 |
| Scroll of Town Portal | 2 | 700 |
| Scroll of Healing | 1 | 250 |
| total: | 8 | 1925g |
| Acolyte | 2 | 150 | / | 0 |
| Ghoul | 2 | 240 | / | 0 |
| Crypt Fiend | 14 | 3010 | / | 560 |
| Obsidian Statue | 9 | 1800 | / | 315 |
| Necromancer | 1 | 145 | / | 20 |
| total: | 28 | 5345g | / | 895w |
| Crypt | 1 | 200 | / | 50 |
| Graveyard | 1 | 215 | / | 0 |
| Altar of Darkness | 1 | 180 | / | 50 |
| Ziggurat | 8 | 1200 | / | 400 |
| Tomb of Relics | 1 | 130 | / | 30 |
| Slaughterhouse | 1 | 140 | / | 135 |
| Temple of the Damned | 1 | 155 | / | 140 |
| Halls of the Dead | 1 | 320 | / | 210 |
| Black Citadel | 2 | 650 | / | 460 |
| total: | 14 | 2220g | / | 805w |
| 0:04 | Acolyte |
| 0:08 | Crypt |
| 0:11 | Graveyard |
| 0:18 | Acolyte |
| 0:43 | Altar of Darkness |
| 0:56 | Ziggurat |
| 1:09 | Ghoul |
| 1:27 | Tomb of Relics |
| 1:47 | Crypt Fiend |
| 1:59 | Ziggurat |
| 2:20 | Crypt Fiend |
| 2:20 | Crypt Fiend |
| 2:43 | Rod of Necromancy |
| 2:44 | Death Coil |
| 3:18 | Halls of the Dead |
| 3:19 | Ghoul |
| 3:46 | Crypt Fiend |
| 4:06 | Ziggurat |
| 4:16 | Crypt Fiend |
| 4:31 | Ziggurat |
| 4:43 | Unholy Aura |
| 5:14 | Crypt Fiend |
| 5:41 | Slaughterhouse |
| 6:35 | Burrow |
| 6:43 | Frost Armor |
| 6:44 | Rod of Necromancy |
| 6:49 | Obsidian Statue |
| 7:11 | Black Citadel |
| 9:44 | Orb of Corruption |
| 9:59 | Potion of Healing |
| 10:03 | Crypt Fiend |
| 10:17 | Crypt Fiend |
| 10:18 | Obsidian Statue |
| 11:15 | Scroll of Town Portal |
| 11:21 | Rod of Necromancy |
| 11:32 | Crypt Fiend |
| 11:46 | Impale |
| 12:00 | Ziggurat |
| 12:07 | Creature Attack |
| 12:41 | Crypt Fiend |
| 12:44 | Frost Nova |
| 12:44 | Death Coil |
| 12:55 | Ziggurat |
| 12:56 | Ziggurat |
| 13:23 | Destroyer Form |
| 14:23 | Obsidian Statue |
| 14:26 | Crypt Fiend |
| 15:12 | Scroll of Town Portal |
| 15:17 | Obsidian Statue |
| 15:21 | Ziggurat |
| 15:36 | Temple of the Damned |
| 16:31 | Spiked Carapace |
| 16:40 | Necromancer |
| 16:51 | Obsidian Statue |
| 17:00 | Scroll of Healing |
| 17:38 | Obsidian Statue |
| 19:10 | Frost Nova |
| 20:29 | Unholy Aura |
| 20:35 | Crypt Fiend |
| 20:37 | Obsidian Statue |
| 20:45 | Impale |
| 21:10 | Obsidian Statue |
| 21:11 | Crypt Fiend |
| 21:36 | Death Coil |
| 22:09 | Spiked Carapace |
| 22:12 | Obsidian Statue |
| 22:47 | Crypt Fiend |
| 22:59 | Creature Carapace |
| Right click | 1421 |
| Select group | 1059 |
| Assign group | 401 |
| Select | 368 |
| Build/train/purchase | 114 |
| Use ability | 114 |
| Minimap ping | 14 |
| Misc. action | 8 |
| Chat | 4 |
| Item give/drop | 2 |
94 units @ 13.7k
/ 2k
34 buildings @ 5.8k
/ 2.3k


| Moonstone | 1 | 50 |
| Lesser Clarity Potion | 1 | 70 |
| Scroll of Town Portal | 1 | 350 |
| total: | 3 | 470g |
| Wisp | 26 | 1560 | / | 0 |
| Huntress | 16 | 3120 | / | 320 |
| Druid of the Claw | 8 | 2040 | / | 640 |
| Druid of the Talon | 7 | 1015 | / | 140 |
| Dryad | 1 | 145 | / | 60 |
| total: | 58 | 7880g | / | 1160w |
| Ancient Protector | 3 | 405 | / | 240 |
| Altar of Elders | 1 | 180 | / | 50 |
| Moon Well | 9 | 1620 | / | 360 |
| Hunter's Hall | 1 | 210 | / | 100 |
| Ancient of War | 1 | 150 | / | 60 |
| Ancient of Wonders | 1 | 90 | / | 30 |
| Tree of Life | 1 | 340 | / | 185 |
| Ancient of Lore | 1 | 155 | / | 145 |
| Ancient of Wind | 1 | 150 | / | 140 |
| Tree of Ages | 1 | 320 | / | 180 |
| Tree of Eternity | 1 | 330 | / | 200 |
| total: | 19 | 3300g | / | 1310w |
| 0:04 | Wisp |
| 0:04 | Wisp |
| 0:06 | Altar of Elders |
| 0:08 | Moon Well |
| 0:12 | Wisp |
| 0:23 | Wisp |
| 0:45 | Wisp |
| 1:13 | Hunter's Hall |
| 1:15 | Wisp |
| 1:22 | Wisp |
| 1:38 | Ancient of War |
| 1:43 | Wisp |
| 1:58 | Moon Well |
| 2:09 | Fan of Knives |
| 2:41 | Huntress |
| 2:56 | Tree of Ages |
| 3:09 | Huntress |
| 3:35 | Moon Well |
| 3:41 | Huntress |
| 3:41 | Huntress |
| 3:55 | Blink |
| 4:24 | Huntress |
| 4:34 | Ancient of Wonders |
| 4:37 | Moon Well |
| 5:24 | Ancient of Lore |
| 5:51 | Ancient of Wind |
| 6:15 | Huntress |
| 6:20 | Wisp |
| 6:20 | Wisp |
| 6:30 | Strength of the Moon |
| 6:55 | Druid of the Claw Adept Training |
| 7:05 | Shadow Strike |
| 7:07 | Forked Lightning |
| 8:13 | Druid of the Claw |
| 8:13 | Druid of the Claw |
| 8:15 | Huntress |
| 8:15 | Huntress |
| 8:16 | Druid of the Talon |
| 9:34 | Druid of the Claw |
| 9:38 | Druid of the Talon Adept Training |
| 9:39 | Tree of Eternity |
| 9:40 | Reinforced Hides |
| 10:14 | Moonstone |
| 10:14 | Lesser Clarity Potion |
| 10:25 | Huntress |
| 10:29 | Moon Glaive |
| 10:30 | Dryad |
| 10:53 | Scroll of Town Portal |
| 11:02 | Strength of the Wild |
| 11:05 | Moon Armor |
| 12:50 | Druid of the Claw Master Training |
| 12:51 | Druid of the Talon Master Training |
| 12:53 | Improved Reinforced Hides |
| 13:04 | Wisp |
| 13:04 | Wisp |
| 13:04 | Wisp |
| 13:04 | Wisp |
| 13:26 | Frost Arrows |
| 13:42 | Fan of Knives |
| 14:27 | Wisp |
| 14:27 | Wisp |
| 14:27 | Wisp |
| 15:01 | Tree of Life |
| 15:13 | Mark of the Claw |
| 15:17 | Druid of the Talon |
| 15:19 | Huntress |
| 15:36 | Ancient Protector |
| 15:37 | Ancient Protector |
| 15:38 | Ancient Protector |
| 15:56 | Improved Strength of the Wild |
| 16:02 | Wisp |
| 16:02 | Wisp |
| 16:02 | Wisp |
| 16:03 | Wisp |
| 16:50 | Moon Well |
| 16:55 | Moon Well |
| 17:21 | Advanced Strength of the Wild |
| 17:24 | Hardened Skin |
| 17:33 | Mark of the Talon |
| 17:35 | Wisp |
| 17:35 | Wisp |
| 17:35 | Wisp |
| 17:36 | Wisp |
| 17:36 | Wisp |
| 17:43 | Huntress |
| 17:45 | Druid of the Claw |
| 17:48 | Druid of the Claw |
| 17:49 | Druid of the Talon |
| 17:50 | Druid of the Talon |
| 17:51 | Huntress |
| 18:27 | Moon Well |
| 18:32 | Moon Well |
| 19:31 | Druid of the Claw |
| 19:32 | Huntress |
| 19:33 | Druid of the Talon |
| 21:02 | Druid of the Claw |
| 21:12 | Fan of Knives |
| 21:24 | Forked Lightning |
| 21:24 | Frost Arrows |
| 21:55 | Druid of the Claw |
| 21:56 | Druid of the Talon |
| 21:57 | Huntress |
| 21:58 | Huntress |
| 22:19 | Moon Well |
| 22:39 | Druid of the Talon |
| 22:43 | Huntress |
| Right click | 627 |
| Select | 364 |
| Build/train/purchase | 121 |
| Misc. action | 51 |
| Use ability | 44 |
| Select group | 30 |
| Assign group | 15 |
| Remove unit | 5 |
| Chat | 4 |
| Minimap ping | 1 |


| Healing Salve | 6 | 600 |
| Scroll of Speed | 5 | 250 |
| Lesser Clarity Potion | 5 | 350 |
| Potion of Healing | 1 | 150 |
| Orb of Lightning | 1 | 375 |
| Potion of Mana | 1 | 200 |
| Dust of Appearance | 2 | 150 |
| Scroll of Town Portal | 1 | 350 |
| Circlet of Nobility | 2 | 350 |
| Boots of Speed | 1 | 250 |
| Potion of Lesser Invulnerability | 1 | 150 |
| total: | 26 | 3175g |
| Peon | 11 | 825 | / | 0 |
| Grunt | 7 | 1400 | / | 0 |
| Raider | 5 | 900 | / | 200 |
| Spirit Walker | 4 | 780 | / | 140 |
| Kodo Beast | 2 | 510 | / | 120 |
| Troll Batrider | 2 | 320 | / | 80 |
| Troll Berserker | 2 | 280 | / | 40 |
| Tauren | 3 | 840 | / | 240 |
| total: | 36 | 5855g | / | 820w |
| Watch Tower | 2 | 220 | / | 160 |
| Altar of Storms | 1 | 180 | / | 50 |
| Orc Burrow | 6 | 960 | / | 240 |
| Barracks | 1 | 180 | / | 50 |
| Voodoo Lounge | 1 | 130 | / | 30 |
| War Mill | 1 | 205 | / | 0 |
| Great Hall | 1 | 385 | / | 185 |
| Beastiary | 1 | 145 | / | 140 |
| Tauren Totem | 1 | 135 | / | 155 |
| Stronghold | 1 | 315 | / | 190 |
| Fortress | 1 | 325 | / | 190 |
| total: | 15 | 2540g | / | 1010w |
| 0:00 | Peon |
| 0:03 | Altar of Storms |
| 0:10 | Peon |
| 0:18 | Orc Burrow |
| 0:20 | Peon |
| 0:37 | Barracks |
| 0:46 | Peon |
| 0:54 | Peon |
| 0:55 | Peon |
| 1:01 | Peon |
| 1:22 | Voodoo Lounge |
| 1:38 | Grunt |
| 1:38 | Grunt |
| 1:42 | Peon |
| 2:06 | Wind Walk |
| 2:17 | Circlet of Nobility |
| 2:19 | Dust of Appearance |
| 2:25 | Stronghold |
| 2:40 | Orc Burrow |
| 2:57 | Healing Salve |
| 2:57 | Healing Salve |
| 3:01 | Scroll of Speed |
| 3:21 | Orc Burrow |
| 3:42 | Critical Strike |
| 3:57 | Grunt |
| 3:57 | Grunt |
| 4:21 | Boots of Speed |
| 4:47 | Circlet of Nobility |
| 5:30 | Beastiary |
| 5:41 | Lesser Clarity Potion |
| 6:01 | Tauren Totem |
| 6:18 | Hex |
| 6:19 | Healing Salve |
| 6:19 | Healing Salve |
| 6:19 | Lesser Clarity Potion |
| 6:19 | Scroll of Speed |
| 6:36 | Ensnare |
| 6:38 | Berserker Strength |
| 7:02 | Raider |
| 7:05 | Orc Burrow |
| 7:32 | Spirit Walker |
| 8:42 | Wind Walk |
| 8:52 | Scroll of Speed |
| 8:52 | Potion of Healing |
| 8:59 | Dust of Appearance |
| 9:11 | Raider |
| 9:11 | Raider |
| 9:13 | War Mill |
| 9:40 | Raider |
| 9:41 | Spirit Walker Adept Training |
| 10:10 | Grunt |
| 10:19 | Pillage |
| 10:22 | Lesser Clarity Potion |
| 10:26 | Healing Salve |
| 10:26 | Scroll of Speed |
| 10:45 | Healing Salve |
| 10:45 | Lesser Clarity Potion |
| 11:00 | Spirit Walker |
| 11:15 | Steel Armor |
| 11:45 | Kodo Beast |
| 11:47 | Reinforced Defenses |
| 12:14 | Healing Wave |
| 12:31 | Fortress |
| 12:32 | Steel Melee Weapons |
| 12:43 | Potion of Lesser Invulnerability |
| 13:35 | Grunt |
| 14:02 | Raider |
| 14:06 | Healing Wave |
| 14:24 | Grunt |
| 14:24 | Kodo Beast |
| 14:25 | Spirit Walker |
| 14:31 | Critical Strike |
| 14:55 | Great Hall |
| 15:32 | Orc Burrow |
| 16:02 | Orb of Lightning |
| 16:12 | Spirit Walker Master Training |
| 16:13 | War Drums Damage Increase |
| 16:15 | Berserker Upgrade |
| 16:32 | Orc Burrow |
| 16:44 | Thorium Armor |
| 16:55 | Potion of Mana |
| 16:56 | Lesser Clarity Potion |
| 17:00 | Scroll of Speed |
| 17:33 | Scroll of Town Portal |
| 17:42 | Peon |
| 17:47 | Peon |
| 17:47 | Peon |
| 18:03 | Watch Tower |
| 18:25 | Troll Batrider |
| 18:33 | Troll Berserker |
| 18:39 | Pulverize |
| 18:51 | Watch Tower |
| 19:16 | Tauren |
| 19:23 | Troll Berserker |
| 19:49 | Troll Batrider |
| 20:15 | Tauren |
| 20:52 | Spirit Walker |
| 20:52 | Tauren |
| 20:58 | Hex |
| Right click | 1835 |
| Select group | 1834 |
| Select | 560 |
| Build/train/purchase | 161 |
| Misc. action | 111 |
| Use ability | 99 |
| Assign group | 88 |
| Minimap ping | 29 |
| Item give/drop | 10 |
| Esc | 6 |